 Dungeon Crawl Stone Soup version 0.30-a0-800-g7c544603b3 (webtiles) character file.

Game seed: 17961912678188946229

2387 bande the Cleaver (level 9, -4/54 HPs)
             Began as a Gargoyle Fighter on Feb 22, 2023.
             Was an Initiate of Okawaru.
             Killed by divine providence
             ... invoked by an orc priest
              (8 damage)
             ... on level 7 of the Dungeon on Feb 23, 2023.
             The game lasted 00:11:15 (5758 turns).

bande the Cleaver (Gargoyle Fighter)                Turns: 5758, Time: 00:11:15

Health: -4/54      AC: 23    Str: 19    XL:     9   Next: 46%
Magic:  10/10      EV:  5    Int: 10    God:    Okawaru [......]
Gold:   299        SH:  5    Dex: 13    Spells: 8/8 levels left

rFire   . . .      SeeInvis .    a - +1 war axe (flame)
rCold   + . .      Faith    .    c - +0 buckler
rNeg    + + .      Spirit   .    y - +0 plate armour
rPois   ∞          Reflect  .    B - +1 hat
rElec   +          Harm     .    (no cloak)
rCorr   .          Rampage  .    r - +0 pair of gloves
Will    .....                    p - +1 pair of boots Stlth
                                 (no amulet)
HPRegen 0.29/turn                g - ring of protection from cold
MPRegen 0.12/turn                n - ring of positive energy

@: no status effects
A: sickness immunity, AC +6, negative energy resistance 1, electricity
resistance, torment resistance 1, petrification resistance
a: Renounce Religion


You were on level 7 of the Dungeon.
You worshipped Okawaru.
Okawaru was noncommittal.
You visited 2 branches of the dungeon, and saw 8 of its levels.

You collected 299 gold pieces.

Inventory:

Hand Weapons
 a - a +1 war axe of flaming (weapon)
 C - a +0 morningstar of venom
Armour
 c - a +0 buckler (worn)
 o - a +0 helmet
 p - a +1 pair of boots (worn)
 r - a +0 pair of gloves (worn)
 y - a +0 plate armour (worn)
 B - a +1 hat (worn)
Jewellery
 g - a ring of protection from cold (left hand)
 j - a ring of fire
 l - a +6 ring of intelligence
 m - an amulet of magic regeneration
 n - a ring of positive energy (right hand)
 E - a ring of willpower
Wands
 h - a wand of paralysis (7)
 G - a wand of acid (12)
 H - a wand of polymorph (7)
 I - a wand of flame (25)
Scrolls
 e - 4 scrolls of enchant armour
 i - 3 scrolls of identify
 k - 4 scrolls of fog
 q - a scroll of blinking
 u - a scroll of amnesia
 v - a scroll of torment {unknown}
 w - 2 scrolls of poison
Potions
 b - a potion of brilliance
 d - 2 potions of might
 f - 4 potions of mutation
 s - a potion of heal wounds
 t - a potion of resistance
 x - 3 potions of haste
 z - 3 potions of ambrosia
 A - a potion of cancellation
 D - a potion of curing
 F - a potion of invisibility


   Skills:
 + Level 5.6 Fighting
 + Level 8.0 Axes
 + Level 6.3 Armour
 - Level 0.1 Stealth
 + Level 5.0 Shields
 + Level 0.5 Unarmed Combat
 * Level 2.0 Invocations
 * Level 4.0 Evocations


You had 8 spell levels left.
You didn't know any spells.
Your spell library contained the following spells:

 Spells                   Type           Power      Damage    Failure   Level
 Magic Dart               Conj           0%         1d3       100%        1
 Blink                    Tloc           0%         N/A       100%        2
 Lesser Beckoning         Tloc           0%         N/A       100%        2
 Momentum Strike          Conj/Tloc      0%         3d8       100%        2
 Searing Ray              Conj           0%         2d4       100%        2
 Vhi's Electric Charge    Tloc/Air       0%         N/A       100%        3
 Fulminant Prism          Conj/Hex       0%         3d5       100%        4
 Arcjolt                  Conj/Air       0%         1d10      100%        5
 Maxwell's Capacitive Co  Air            0%         ∞         100%        8


Dungeon Overview and Level Annotations

Branches:
Dungeon (7/15)             Temple (1/1) D:6

Altars:
Ashenzari
Cheibriados
Dithmenos
Elyvilon
Fedhas
Hepliaklqana
Kikubaaqudgha
Makhleb
Okawaru
Qazlal
Ru
Sif Muna
Trog
Uskayaw
Vehumet
Wu Jian
Xom
Yredelemnul
Zin
The Shining One


Innate Abilities, Weirdness & Mutations

You are immune to sickness and miasma.
Your stone body is resilient. (AC +6)
You are immune to poison.
You resist negative energy. (rN+)
You are resistant to electric shocks. (rElec)
You are resistant to unholy torment.
You are immune to petrification.


Message History

The orc priest is moderately wounded.
You hit the orc warrior but do no damage.
You barely miss the orc priest.
The orc priest hits you but does no damage.
The orc priest mumbles some strange prayers to Beogh against you.
Pain shoots through your body!
Unknown command.
You barely miss the orc priest.
The orc priest is moderately wounded.
You hit the orc priest. You burn the orc priest.
You barely miss the orc warrior. The orc priest completely misses you.
The orc priest barely misses you. You block the orc warrior's attack.
You slash the orc priest! You burn the orc priest.
The orc priest is almost dead.
You closely miss the orc priest. x2
You hit the orc warrior but do no damage.
You block the orc priest's attack.
The orc priest mumbles some strange prayers to Beogh against you.
You struggle to resist.
The orc priest looks encouraged for a moment.
The orc priest casts a cantrip, but nothing happens.
The orc warrior completely misses you.
Unknown command.
You barely miss the orc priest.
The orc priest is almost dead.
You hit the orc priest. You burn the orc priest.
You closely miss the orc priest. You hit the orc warrior.
You burn the orc warrior.
The orc priest invokes the aid of Beogh against you.
Beogh smites you!
The orc priest hits you but does no damage.
The orc priest barely misses you.
The orc warrior hits you but does no damage.
The orc priest hits you but does no damage.
The orc priest looks satisfied for a moment.
The orc warrior hits you with a +0 halberd!
* * * LOW HITPOINT WARNING * * *
The orc priest calls down the wrath of Beogh upon you.
Beogh smites you!
You die...

#.......##...##........#
#.......####+##........#
#.......##.............#
#........#...####'######
#........#...##...#
#........#........#
#........# #..o.....#
#.o@##...# #.oo##...#
#..o.+..... #....#......
#....#...... #...## .###
#...# #...#


You could see an orc warrior and 4 orc priests.

Vanquished Creatures
  Pikel (D:6)
  Grinder (D:3)
  A water moccasin (D:6)
  An orc warrior (D:6)
  An ice beast (D:6)
  A black bear (D:4)
  An ogre (D:4)
  2 sky beasts (D:6)
  A centaur (D:4)
  3 lemures (D:6)
  A phantom (D:7)
  2 bullfrogs (D:6)
  A necrophage (D:4)
  2 scorpions (D:6)
  5 hounds
  A jelly (D:5)
  2 orc priests
  An iguana (D:4)
  Terence (D:3)
  Natasha (thrice) (D:4)
  2 orc wizards (D:6)
  Robin (D:2)
  3 gnolls (D:4)
  6 adders
  2 white imps
  An ufetubus (D:6)
  2 worms (D:2)
  3 dart slugs
  25 orcs
  9 endoplasms
  5 giant cockroaches
  14 goblins
  6 hobgoblins
  2 quokkas
  5 ball pythons
  2 bats
  4 frilled lizards
  6 kobolds
  7 rats
137 creatures vanquished.

Vanquished Creatures (collateral kills)
  A quokka (D:5)
1 creature vanquished.

Grand Total: 138 creatures vanquished

Notes
Turn   | Place    | Note
-------+----------+-------------------------------------------
     0 | D:1      | bande the Gargoyle Fighter began the quest for the Orb.
     0 | D:1      | Reached XP level 1. HP: 14/14 MP: 1/1
   191 | D:1      | Reached XP level 2. HP: 19/19 MP: 2/2
   777 | D:2      | Reached skill level 2 in Axes
   828 | D:2      | Reached XP level 3. HP: 17/23 MP: 3/3
  1227 | D:2      | Reached XP level 4. HP: 29/29 MP: 4/4
  1234 | D:2      | Noticed Robin
  1256 | D:2      | Killed Robin
  1257 | D:2      | Reached skill level 3 in Axes
  1582 | D:3      | Noticed Terence
  1584 | D:3      | Noticed Grinder
  1594 | D:3      | Killed Terence
  1601 | D:3      | Paralysed by Grinder for 3 turns
  1610 | D:3      | Paralysed by Grinder for 2 turns
  1616 | D:3      | Paralysed by Grinder for 2 turns
  1621 | D:3      | Killed Grinder
  1622 | D:3      | Reached skill level 4 in Axes
  1622 | D:3      | Reached XP level 5. HP: 33/33 MP: 5/5
  1622 | D:3      | Reached XP level 6. HP: 38/38 MP: 6/6
  2257 | D:4      | Noticed a black bear
  2273 | D:4      | Killed a black bear
  2274 | D:4      | Reached skill level 5 in Axes
  2274 | D:4      | Reached XP level 7. HP: 37/44 MP: 7/7
  2343 | D:4      | Reached skill level 1 in Evocations
  2553 | D:4      | Reached skill level 5 in Armour
  2687 | D:4      | Noticed Natasha
  2724 | D:5      | Entered Level 5 of the Dungeon
  2740 | D:4      | Killed Natasha
  3094 | D:4      | Reached XP level 8. HP: 48/48 MP: 8/8
  3185 | D:4      | Noticed Natasha
  3198 | D:4      | Killed Natasha
  3583 | D:4      | Noticed Natasha
  3590 | D:4      | Killed Natasha
  3591 | D:4      | Reached skill level 6 in Axes
  4338 | D:6      | Reached skill level 5 in Fighting
  4359 | D:6      | Reached skill level 7 in Axes
  4389 | D:6      | Reached XP level 9. HP: 53/54 MP: 9/9
  4440 | D:6      | Found a staircase to the Ecumenical Temple.
  4452 | Temple   | Entered the Ecumenical Temple
  4525 | Temple   | Became a worshipper of Warmaster Okawaru
  5437 | D:7      | Noticed Pikel
  5463 | D:6      | Reached skill level 1 in Invocations
  5470 | D:6      | Killed Pikel
  5471 | D:6      | Reached skill level 8 in Axes
  5715 | D:7      | Reached skill level 5 in Shields
  5758 | D:7      | Killed from afar by an orc priest

Illustrated notes

Levels and vault maps discovered:
D:1:      lightli_arrival_maybe_door_vault, layout_basic
D:2:      layout_loops_ring, kennysheep_doodads, uniq_robin
D:3:      layout_loops_ring, uniq_terence, uniq_grinder
D:4:      layout_loops_ring, minmay_circle_x, uniq_natasha
D:5:      layout_cave_pools, kennysheep_small_spiral
D:6:      layout_layer_cave, temple_hall, kennysheep_small_square
D:7:      layout_gridville, minmay_door_square, uniq_crazy_yiuf_cottage,
          uniq_pikel
Temple:   compressed_dpeg_triangle_lava_temple

Skill      XL: |  1  2  3  4  5  6  7  8  9 |
---------------+----------------------------+-----
Axes           | 2 4 5 7 8 |  8.0
Armour         | 4 5 6 |  6.3
Fighting       | 4 5 |  5.6
Shields        | 4 5 |  5.0
Evocations     | 2 3 4 |  4.0
Invocations    | 2 |  2.0
Stealth        | |  0.1
Unarmed Combat | |  0.5

Action                     |  1- 3 |  4- 6 |  7- 9 || total
---------------------------+-------+-------+-------++-------
  Melee: War axe           |   104 |    96 |   184 ||   384
         Unarmed           |       |       |     9 ||     9
    Use: Scroll            |       |    11 |    10 ||    21
         Potion            |       |     2 |       ||     2
 Armour: Scale mail        |    49 |    88 |    36 ||   173
         Skin              |       |       |     5 ||     5
         Plate armour      |       |       |   134 ||   134
  Dodge: Dodged            |    42 |    67 |   100 ||   209
  Block: Buckler           |    19 |    26 |    54 ||    99

Table legend: (Time is in decaauts)
 A = Elapsed time spent in this place.
 B = Non-inter-level travel time spent in this place.
 C = Inter-level travel time spent in this place.
 D = Time resting spent in this place.
 E = Time spent auto-exploring this place.
 F = Levels seen in this place.
 G = Mean time per level.
                   A        B        C        D        E       F      G
               +--------+--------+--------+--------+--------+-----+--------+
         Total |   5884 |   5715 |    169 |    435 |   3779 |   8 |  735.5 |
       Dungeon |   5795 |   5626 |    169 |    435 |   3779 |   7 |  827.9 |
        Temple |     88 |     88 |      0 |      0 |      0 |   1 |   88.0 |
               +--------+--------+--------+--------+--------+-----+--------+

Top non-repeatable levels by time:
     D:6: 1381 daAuts
     D:4: 1324 daAuts
     D:2: 869 daAuts
     D:1: 761 daAuts
     D:3: 726 daAuts
     D:5: 655 daAuts
  Temple: 88 daAuts
     D:7: 76 daAuts
